 Dungeon Crawl Stone Soup version 0.31.0-4-g52a2dc7128 (webtiles) character file.

Game seed: 584850603066061490

23610 quinnr the Destroyer (level 13, -1/74 HPs)
             Began as a Tengu Air Elementalist on Jan 20, 2024.
             Was a High Priest of Vehumet.
             Slain by a death yak (15 damage)
             ... on level 11 of the Dungeon on Jan 21, 2024.
             The game lasted 00:41:40 (17331 turns).

quinnr the Destroyer (Tengu Air Elementalist)      Turns: 17331, Time: 00:41:41

Health: -1/74      AC: 10    Str:  8    XL:     13   Next: 7%
Magic:  19/23      EV: 18    Int: 21    God:    Vehumet [*****.]
Gold:   3326       SH:  0    Dex: 15    Spells: 9/24 levels left

rFire   + . .        b - +3 dagger (venom)
rCold   + + .        (no shield)
rNeg    + + .        O - +0 steam dragon scales
rPois   .            A - +1 hat
rElec   .            k - scarf {rC+ rF+}
rCorr   .            J - +2 pair of gloves "Gura Cia" {rC+ rN+ Slay+2}
SInv    .            (boots unavailable)
Will    .....        m - amulet of magic regeneration
Stlth   ++           N - ring of positive energy
HPRegen 0.32/turn    (no ring)
MPRegen 0.58/turn

%: acrobat
@: swift, flying, very slightly contaminated, very quick
A: beak, talons 3, evasive flight, acrobatic
a: Renounce Religion


You were on level 11 of the Dungeon.
You worshipped Vehumet.
Vehumet was extremely pleased with you.
You visited 3 branches of the dungeon, and saw 14 of its levels.
You also visited: Sewer and Bailey.

You collected 3531 gold pieces.
You spent 205 gold pieces at shops.


Innate Abilities, Weirdness & Mutations

You have a beak for a mouth.
You have claws for feet.
Your magical flight helps you evade attacks. (EV +4)
You can magically evade attacks while moving or waiting.


   Skills:
 - Level 6.0 Fighting
 - Level 5.0 Armour
 - Level 6.0 Dodging
 - Level 2.1 Stealth
 - Level 6.0 Spellcasting
 - Level 14.0 Conjurations
 - Level 8.0 Air Magic
 + Level 12.3 Alchemy
 - Level 5.0 Evocations


You had 9 spell levels left.
You knew the following spells:

 Your Spells              Type           Power      Damage    Failure   Level
a - Airstrike             Air            19%        2d(3-19)  1%          4
i - Swiftness             Air            39%        N/A       1%          3
m - Mephitic Cloud        Conj/Alch/Air  53%        N/A       1%          3
t - Static Discharge      Conj/Air       100%       3-8/arc   1%          2
z - Shock                 Conj/Air       100%       1d9       1%          1
X - Mercury Vapours       Alch/Air       96%        N/A       1%          2

Your spell library contained the following spells:

 Spells                   Type           Power      Damage    Failure   Level
 Flame Wave               Conj/Fire      35%        2d10      1%          4
 Iskenderun's Mystic Bla  Conj/Tloc      35%        2d8       1%          4
 Tukima's Dance           Hex            6%         N/A       28%         3
 Dimensional Bullseye     Hex/Tloc       3%         N/A       67%         4
 Malign Gateway           Summ/Tloc      3%         N/A       100%        7
 Summon Horrible Things   Summ           3%         N/A       100%        8

Inventory:

Hand Weapons
 b - a +3 dagger of venom (weapon)
Missiles
 g - 3 darts of dispersal {=f}
 i - 3 throwing nets {=f}
 n - 6 datura-tipped darts
 t - 2 curare-tipped darts {=f}
Armour
 h - a +0 robe
 k - a scarf of resistance (worn)
 A - a +1 hat (worn)
 J - the +2 pair of gloves "Gura Cia" (worn) {rC+ rN+ Slay+2}
   (You acquired it on level 11 of the Dungeon)

   Slay+2:    It affects your accuracy & damage with ranged weapons and melee
   (+2).
   rC+:       It protects you from cold.
   rN+:       It protects you from negative energy.
 O - +0 steam dragon scales (worn)
 P - +0 gold dragon scales
Magical Staves
 a - a staff of alchemy {!a}
 w - a staff of cold {!a}
Jewellery
 m - an amulet of magic regeneration (around neck)
 G - an amulet of faith {!P}
 N - a ring of positive energy (left hand)
Wands
 u - a wand of mindburst (1)
 H - a wand of flame (21)
 L - a wand of charming (10)
Scrolls
 c - 3 scrolls of teleportation {@r2}
 e - a scroll of amnesia
 j - 5 scrolls of vulnerability {unknown}
 r - a scroll of immolation {unknown}
 s - 3 scrolls of fear {unknown}
 x - 2 scrolls of enchant weapon {unknown}
 y - 2 scrolls of brand weapon {unknown}
 D - 2 scrolls of enchant armour
 E - a scroll of poison
 F - 2 scrolls of fog
 R - a scroll of butterflies {unknown}
Potions
 d - a potion of cancellation {unknown}
 f - a potion of magic
 l - 3 potions of brilliance
 o - 3 potions of haste {unknown}
 p - 7 potions of curing {@q1}
 v - 2 potions of invisibility {unknown}
 z - 2 potions of enlightenment {unknown}
 B - a potion of berserk rage {!q}
 C - a potion of lignification
 I - 2 potions of heal wounds {@q2}
 K - 2 potions of attraction
 Q - 2 potions of degeneration
Miscellaneous
 M - a phantom mirror

Dungeon Overview and Level Annotations

Branches:
Dungeon (11/15)            Temple (1/1) D:6             Orc (2/2) D:9
    Elf (0/3) Orc:2         Sewer (visited)          Bailey (visited)
   Lair: D:8-11

Altars:
Ashenzari
Cheibriados
Dithmenos
Elyvilon
Fedhas
Gozag
Hepliaklqana
Kikubaaqudgha
Makhleb
Nemelex Xobeh
Okawaru
Qazlal
Ru
Sif Muna
Trog
Uskayaw
Vehumet
Wu Jian
Xom
Yredelemnul
Zin
The Shining One

Shops:
Orc:2 **([

Annotations:
D:11 !death yaks
Orc:1 exclusion: oklob plant

#...##.....### #........†.##
# ##...#.......##
#........### ##
###..........# #........# ##.
##.........## ##....^..# #..
#..........# ######..# ##..
#.........## ####.## ##...
#........########....## #....
#.........##....○○....####...
#......#....@Y#######..####..
#.....#...##### ##..# ##.
#....##..## ##.## ##
######.>## #..## ##..##
##..### ##..## ##...# ##..##
##... ##..## #... ##..##
##..#


You could see a death yak.


Message History

The death yak appears confused.
The death yak gores you!
* * * LOW HITPOINT WARNING * * *
Unknown command.
You hit the death yak but do no damage.
The death yak looks as sick as possible!
You claw the death yak.
You peck the death yak, but do no damage.
The death yak is almost dead.
The death yak is engulfed in noxious fumes.
The death yak snorts and paws the ground.
The death yak is engulfed in noxious fumes.
The death yak appears confused.
The death yak misses you.
Unknown command.
You kill the death yak!
Vehumet accepts your kill.
The death yak is engulfed in noxious fumes.
Casting: Mephitic Cloud (safe; 1% risk of failure)
Confirm with . or Enter, or press ? or * to list all spells.
You miscast Swiftness.
You are very lightly contaminated with residual magic.
Nothing appears to happen.
The death yak is engulfed in noxious fumes.
Unknown command.
Unknown command.
The death yak misses you.
You see here a +0 hand axe.
Casting: Swiftness (safe; 1% risk of failure)
Confirm with . or Enter, or press ? or * to list all spells.
You feel quick. The death yak gores you!
You die...

Skill      XL: |  1  2  3  4  5  6  7  8  9 10 11 12 13 |
---------------+----------------------------------------+-----
Air Magic      | 5 6 7 8 |  8.0
Spellcasting   | 3 4 5 6 |  6.0
Conjurations   | 3 4 6 11 12 14 | 14.0
Evocations     | 1 3 5 |  5.0
Fighting       | 1 3 4 6 |  6.0
Armour         | 4 5 |  5.0
Dodging        | 5 6 |  6.0
Alchemy        | 7 11 12 | 12.3
Stealth        | |  2.1

Action                     |  1- 3 |  4- 6 |  7- 9 | 10-12 | 13-15 || total
---------------------------+-------+-------+-------+-------+-------++-------
  Melee: Peck              |     6 |     4 |     3 |    30 |     6 ||    49
         Unarmed           |     1 |       |       |       |       ||     1
         Dagger            |    17 |    23 |     9 |    97 |    15 ||   161
         Kick              |     4 |     5 |     3 |    55 |    13 ||    80
         Punch             |       |       |     1 |     4 |     1 ||     6
         Staff             |       |       |       |     8 |       ||     8
   Cast: Shock             |    75 |   130 |   131 |   127 |       ||   463
         Static Discharge  |       |    11 |    17 |    65 |     2 ||    95
         Swiftness         |       |     1 |     1 |     6 |     1 ||     9
         Airstrike         |       |     3 |    78 |   217 |       ||   298
         Mercury Vapours   |       |       |    12 |    10 |       ||    22
         Mephitic Cloud    |       |       |       |    62 |     4 ||    66
  Evoke: Wand              |       |       |       |    17 |       ||    17
         Phantom mirror    |       |       |       |     2 |       ||     2
    Use: Scroll            |       |     4 |     6 |    10 |       ||    20
   Stab: Sleeping          |     1 |       |       |     2 |       ||     3
         Confused          |       |       |       |    12 |       ||    12
 Armour: Robe              |    19 |    33 |    47 |    97 |       ||   196
         Steam dragon scal |       |       |       |   108 |     8 ||   116
  Dodge: Dodged            |    22 |    33 |    32 |   219 |    10 ||   316

Levels and vault maps discovered:
D:1:      evilmike_arrival_fibonacci_small, layout_loops_ring, minmay_quantized
D:2:      layout_loops_cross
D:3:      layout_basic, cheibrodos_worm_habitat, mainiacjoe_overflow_24_doors,
          grunt_dithmenos_smoke, uniq_terence
D:4:      layout_loops_ring, trog_book, nicolae_vehumet_altar_sigil,
          gup_sewer_entry_bubbles
D:5:      layout_layer_cave, mainiacjoe_overflow_six_doors_small, tgw_xom,
          uniq_ijyb
D:6:      layout_basic, temple_pool_b, uniq_prince_ribbit1
D:7:      layout_rooms, nrook_uturn
D:8:      layout_rooms, zin_angel, serial_ice, serial_ice_o, serial_ice_f,
          serial_ice_g, serial_ice_c, enter_bailey_1, kennysheep_generic_room_14
D:9:      layout_loops_cross, lemuel_doored_altar,
          lemuel_mausoleum_altar_kikubaaqudgha, orc_0_dummy
D:10:     layout_basic
D:11:     layout_cave_pods, dpeg_lair_monsters, elyvilon_altar_4, uniq_psyche
Temple:   nicolae_temple_slightly_damp_pantheon
Orc:1:    layout_caves, mines3_lemuel
Orc:2:    grunt_orc_tribal_feast, layout_diamond_mine

Notes
Turn   | Place    | Note
-------+----------+-------------------------------------------
     0 | D:1      | quinnr the Tengu Air Elementalist began the quest for the
                  | Orb.
     0 | D:1      | Reached XP level 1. HP: 10/10 MP: 4/4
   207 | D:1      | Upgraded the game from 0.31.0-2-g5a2aebc5c2 to
                  | 0.31.0-4-g52a2dc7128
   208 | D:1      | Reached XP level 2. HP: 15/15 MP: 4/6
   567 | D:1      | Reached skill level 5 in Air Magic
   683 | D:1      | Reached XP level 3. HP: 19/19 MP: 4/7
  1431 | D:2      | Identified a scarf of resistance
  1643 | D:2      | Learned a level 3 spell: Swiftness
  1646 | D:2      | Learned a level 2 spell: Static Discharge
  1779 | D:2      | Reached skill level 6 in Air Magic
  1779 | D:2      | Reached XP level 4. HP: 24/24 MP: 4/8
  2197 | D:3      | Noticed Terence
  2481 | D:4      | Found a radiant altar of Vehumet.
  2489 | D:4      | Became a worshipper of Vehumet
  2519 | D:4      | Reached XP level 5. HP: 28/28 MP: 7/9
  2557 | D:4      | Found a glowing drain.
  2572 | Sewer    | Entered a sewer
  2637 | Sewer    | Reached skill level 7 in Air Magic
  2681 | Sewer    | Noticed a kobold brigand
  2682 | Sewer    | Noticed a kobold brigand
  2735 | Sewer    | Killed a kobold brigand
  2736 | Sewer    | Reached skill level 3 in Spellcasting
  2736 | Sewer    | Reached XP level 6. HP: 13/32 MP: 5/11
  2818 | Sewer    | Learned a level 4 spell: Airstrike
  2867 | Sewer    | Reached skill level 8 in Air Magic
  2867 | Sewer    | Reached skill level 2 in Conjurations
  2974 | Sewer    | Reached * piety under Vehumet
  2974 | Sewer    | Offered knowledge of Sandblast by Vehumet.
  3316 | D:4      | Identified the +1 chain mail "Ucizxir" {Slay+2}
  3524 | D:4      | Reached skill level 1 in Evocations
  3566 | D:4      | Found a bloodstained altar of Trog.
  3575 | D:4      | Reached skill level 1 in Fighting
  4034 | D:5      | Entered Level 5 of the Dungeon
  4060 | D:5      | Reached skill level 3 in Conjurations
  4060 | D:5      | Gained mutation: Your magical flight helps you evade
                  | attacks. (EV +4) [Tengu growth]
  4060 | D:5      | Reached XP level 7. HP: 39/39 MP: 4/13
  4101 | D:5      | Reached skill level 2 in Fighting
  4101 | D:5      | Reached skill level 2 in Evocations
  4586 | D:5      | Found a stormy altar of Qazlal.
  4595 | D:5      | Noticed Ijyb
  4597 | D:5      | Killed Ijyb
  4642 | D:5      | Reached skill level 4 in Spellcasting
  4642 | D:5      | Reached skill level 4 in Conjurations
  5044 | D:5      | Reached skill level 3 in Fighting
  5133 | D:5      | Reached skill level 3 in Evocations
  5171 | D:5      | Found a shimmering altar of Xom.
  5570 | D:3      | Reached ** piety under Vehumet
  5600 | D:3      | Reached XP level 8. HP: 46/46 MP: 13/15
  5606 | D:3      | Killed Terence
  5628 | D:3      | Found a shadowy altar of Dithmenos.
  5661 | D:3      | Offered knowledge of Sting by Vehumet.
  5699 | D:3      | Found a broken altar of Ashenzari.
  5976 | D:3      | Found a snail-covered altar of Cheibriados.
  6295 | D:6      | Found a staircase to the Ecumenical Temple.
  6340 | Temple   | Entered the Ecumenical Temple
  6584 | D:6      | Reached skill level 5 in Conjurations
  6591 | D:6      | Noticed Prince Ribbit
  6600 | D:6      | Killed Prince Ribbit
  6601 | D:6      | Reached skill level 5 in Spellcasting
  6601 | D:6      | Reached skill level 6 in Conjurations
  6704 | D:6      | Reached skill level 4 in Fighting
  7725 | D:7      | Reached XP level 9. HP: 18/52 MP: 15/18
  7924 | D:7      | Reached skill level 4 in Evocations
  8070 | D:7      | Reached skill level 7 in Conjurations
  8279 | D:8      | Offered knowledge of Mercury Vapours by Vehumet.
  8283 | D:8      | Learned a level 2 spell: Mercury Vapours
  8327 | D:8      | Found a flagged portal.
  8336 | Bailey   | Entered a bailey
  8357 | Bailey   | Reached skill level 6 in Spellcasting
  8455 | Bailey   | Reached *** piety under Vehumet
  8558 | Bailey   | Reached skill level 8 in Conjurations
  8558 | Bailey   | Reached skill level 5 in Evocations
  8698 | Bailey   | Reached skill level 9 in Conjurations
  9062 | D:8      | Reached skill level 10 in Conjurations
  9208 | D:8      | Reached skill level 1 in Armour
  9299 | D:8      | Reached skill level 2 in Armour
  9335 | D:8      | Noticed a two-headed ogre
  9344 | D:8      | Killed a two-headed ogre
  9344 | D:8      | Offered knowledge of Mephitic Cloud by Vehumet.
  9345 | D:8      | Reached skill level 4 in Armour
  9345 | D:8      | Reached skill level 11 in Conjurations
  9345 | D:8      | Reached XP level 10. HP: 56/56 MP: 4/20
  9386 | D:8      | Reached skill level 5 in Armour
  9535 | D:8      | Noticed an angel
  9536 | D:8      | Found a glowing silver altar of Zin.
  9600 | D:9      | Reached skill level 3 in Dodging
  9701 | D:9      | Noticed a two-headed ogre
  9710 | D:9      | Killed a two-headed ogre
  9711 | D:9      | Reached skill level 5 in Fighting
  9711 | D:9      | Reached skill level 4 in Dodging
 10394 | D:9      | Found a hide-covered altar of Uskayaw.
 10465 | D:9      | Reached skill level 12 in Conjurations
 10498 | D:9      | Reached **** piety under Vehumet
 10634 | D:9      | Reached skill level 5 in Dodging
 10721 | D:9      | Found an ancient bone altar of Kikubaaqudgha.
 10770 | D:9      | Reached skill level 6 in Fighting
 10941 | D:9      | Reached XP level 11. HP: 48/64 MP: 19/21
 11119 | D:9      | Reached skill level 6 in Dodging
 11119 | D:9      | Reached skill level 13 in Conjurations
 11280 | D:9      | Found a staircase to the Orcish Mines.
 11546 | D:10     | Entered Level 10 of the Dungeon
 11551 | D:10     | Learned a level 3 spell: Mephitic Cloud
 11663 | D:10     | Offered knowledge of Fireball by Vehumet.
 11757 | D:10     | Noticed a two-headed ogre
 11782 | D:10     | Killed a two-headed ogre
 11783 | D:10     | Reached skill level 1 in Alchemy
 11924 | D:10     | Reached skill level 2 in Alchemy
 12461 | D:10     | Reached skill level 3 in Alchemy
 12525 | D:11     | Identified 3 scrolls of acquirement
 12525 | D:11     | Acquired the +2 pair of gloves "Gura Cia" {rC+ rN+ Slay+2}
 12534 | D:10     | Acquired 921 gold pieces
 12535 | D:10     | Acquired 848 gold pieces
 12644 | D:11     | Found a white marble altar of Elyvilon.
 12672 | D:11     | Noticed a death yak
 12672 | D:11     | Noticed a death yak
 12672 | D:11     | Noticed a death yak
 12673 | D:11     | Noticed a death yak
 12674 | D:11     | Noticed a death yak
 12675 | D:11     | Noticed a death yak
 12676 | D:11     | Noticed a death yak
 12763 | Orc:1    | Entered Level 1 of the Orcish Mines
 12826 | D:9      | Reached skill level 14 in Conjurations
 13162 | Orc:1    | Reached skill level 4 in Alchemy
 13479 | Orc:1    | Reached skill level 5 in Alchemy
 13526 | Orc:1    | Noticed a two-headed ogre
 13527 | Orc:1    | Reached skill level 6 in Alchemy
 13531 | Orc:1    | Killed a two-headed ogre
 13594 | Orc:1    | Reached skill level 7 in Alchemy
 13914 | Orc:1    | Noticed an oklob plant
 14355 | Orc:2    | Entered Level 2 of the Orcish Mines
 14474 | Orc:2    | Reached XP level 12. HP: 70/70 MP: 14/22
 14643 | Orc:2    | Reached ***** piety under Vehumet
 14643 | Orc:2    | Offered knowledge of Flame Wave by Vehumet.
 14778 | Orc:2    | Found a staircase to the Elven Halls.
 14910 | Orc:2    | Reached skill level 8 in Alchemy
 15313 | Orc:2    | Noticed an orc high priest
 15332 | Orc:2    | Killed an orc high priest
 15333 | Orc:2    | Reached skill level 9 in Alchemy
 15667 | Orc:2    | Noticed an ogre mage
 15847 | Orc:2    | Noticed an orc high priest
 15849 | Orc:2    | Reached skill level 10 in Alchemy
 15855 | Orc:2    | Killed an ogre mage
 15918 | Orc:2    | Noticed an orc high priest
 15951 | Orc:2    | Killed an orc high priest
 15952 | Orc:2    | Killed an orc high priest
 15987 | Orc:2    | Found Qiuvoex's Assorted Antiques.
 15987 | Orc:2    | Found Doliales's General Store.
 15989 | Orc:2    | Found Byvun's Antique Weapon Boutique.
 15989 | Orc:2    | Found Ninkut's Armour Emporium.
 15995 | Orc:2    | Bought a scroll of identify for 64 gold pieces
 15995 | Orc:2    | Bought a scroll of identify for 64 gold pieces
 16001 | Orc:2    | Bought a potion of heal wounds for 55 gold pieces
 16001 | Orc:2    | Bought a scroll of identify for 22 gold pieces
 16184 | D:11     | Noticed a boulder beetle
 16223 | D:11     | Killed a boulder beetle
 16224 | D:11     | Reached skill level 11 in Alchemy
 16483 | D:11     | Noticed Psyche
 16485 | D:11     | Killed Psyche
 17257 | D:11     | Killed a death yak
 17278 | D:11     | Killed a death yak
 17284 | D:11     | Killed a death yak
 17285 | D:11     | Reached XP level 13. HP: 55/74 MP: 15/23
 17291 | D:11     | Reached skill level 12 in Alchemy
 17331 | D:11     | Slain by a death yak

Vanquished Creatures
  An ogre mage (Orc:2)
  A boulder beetle (D:11)
  4 two-headed ogres
  3 orc high priests (Orc:2)
  5 death yaks (D:11)
  4 orc knights (Orc:2)
  2 orc sorcerers (Orc:2)
  6 kobold blastminers
  2 unseen horror zombies (D:9)
  Psyche (D:11)
  A troll (Orc:1)
  Prince Ribbit (D:6)
  13 yaks
  2 wraiths
  3 wyverns
  2 vampires
  A warg (D:9)
  3 steam dragons
  An unseen horror simulacrum (D:8)
  A water moccasin (D:6)
  26 orc warriors
  2 sky beasts
  6 ogres
  3 centaurs
  A wolf (D:8)
  2 phantoms
  2 kobold brigands (Sewer)
  2 bullfrogs
  3 scorpions
  2 gnoll sergeants (D:8)
  A wyvern zombie (D:9)
  2 burial acolytes (D:9)
  3 killer bees (D:9)
  2 centaur zombies (D:9)
  A human zombie (D:9)
  3 hounds
  A jelly (D:5)
  15 orc priests
  A centaur skeleton (D:9)
  Ijyb (D:5)
  A sleepcap (D:5)
  3 iguanas
  Terence (D:3)
  25 orc wizards
  A killer bee zombie (D:9)
  2 howler monkey zombies (D:9)
  16 gnolls
  11 adders
  2 river rats (D:4)
  2 shadow imps
  5 white imps
  4 ufetubi
  4 dart slugs
  4 ribbon worms
  79 orcs
  5 ball pythons
  3 endoplasms
  9 giant cockroaches
  3 goblins
  11 hobgoblins
  12 jackals
  17 kobolds
  6 quokkas
  2 bats
  6 frilled lizards
  5 rats
375 creatures vanquished.

Vanquished Creatures (others)
  An orc (Orc:2)
  A quokka (D:11)
2 creatures vanquished.

Grand Total: 377 creatures vanquished

Table legend: (Time is in decaauts)
 A = Elapsed time spent in this place.
 B = Non-inter-level travel time spent in this place.
 C = Inter-level travel time spent in this place.
 D = Time resting spent in this place.
 E = Time spent auto-exploring this place.
 F = Levels seen in this place.
 G = Mean time per level.
                   A        B        C        D        E       F      G
               +--------+--------+--------+--------+--------+-----+--------+
         Total |  17391 |  16569 |    822 |   3802 |   9625 |  16 | 1086.9 |
       Dungeon |  13681 |  12991 |    690 |   2899 |   7966 |  11 | 1243.7 |
        Temple |      1 |      1 |      0 |      0 |      0 |   1 |    1.0 |
  Orcish Mines |   2615 |   2485 |    130 |    618 |   1240 |   2 | 1307.5 |
         Sewer |    587 |    587 |      0 |    139 |    243 |   1 |  587.0 |
        Bailey |    505 |    505 |      0 |    146 |    176 |   1 |  505.0 |
               +--------+--------+--------+--------+--------+-----+--------+

Top non-repeatable levels by time:
     D:9: 2553 daAuts
   Orc:2: 1571 daAuts
     D:6: 1378 daAuts
     D:1: 1305 daAuts
    D:11: 1271 daAuts
     D:4: 1229 daAuts
     D:5: 1164 daAuts
    D:10: 1124 daAuts
     D:2: 1074 daAuts
   Orc:1: 1043 daAuts
     D:8: 995 daAuts
     D:3: 985 daAuts
     D:7: 599 daAuts
   Sewer: 587 daAuts
  Bailey: 505 daAuts

Table legend:
 A = Non-vault XP
 B = Vault XP
 C = Vault XP percentage of total XP
 D = Non-vault monster count
 E = Vault monster count
 F = Vault count percentage of total count
                 A         B        C        D         E       F
            +---------+---------+-------+---------+---------+-------
      Total |   17978 |   15751 |  46.7 |     265 |     110 |  29.3
            +---------+---------+-------+---------+---------+-------
        D:1 |      44 |      11 |  20.0 |      24 |       5 |  17.2
        D:2 |      43 |       0 |   0.0 |      17 |       0 |   0.0
        D:3 |      34 |      40 |  54.1 |      12 |       2 |  14.3
        D:4 |     185 |      61 |  24.8 |      14 |       7 |  33.3
        D:5 |     534 |      80 |  13.0 |      16 |       4 |  20.0
        D:6 |     684 |     283 |  29.3 |      20 |       1 |   4.8
        D:7 |     492 |       0 |   0.0 |      12 |       0 |   0.0
        D:8 |    1841 |     333 |  15.3 |      23 |       6 |  20.7
        D:9 |    4087 |    1226 |  23.1 |      40 |      12 |  23.1
       D:10 |    2710 |       0 |   0.0 |      15 |       0 |   0.0
       D:11 |    1631 |    4377 |  72.9 |       5 |       6 |  54.5
      Orc:1 |    4149 |       0 |   0.0 |      29 |       0 |   0.0
      Orc:2 |    1544 |    8283 |  84.3 |      38 |      29 |  43.3
      Sewer |       0 |     225 | 100.0 |       0 |      21 | 100.0
     Bailey |       0 |     832 | 100.0 |       0 |      17 | 100.0
            +---------+---------+-------+---------+---------+-------

Levels and vault maps discovered:
D:1:      evilmike_arrival_fibonacci_small, layout_loops_ring, minmay_quantized
D:2:      layout_loops_cross
D:3:      layout_basic, cheibrodos_worm_habitat, mainiacjoe_overflow_24_doors,
          grunt_dithmenos_smoke, uniq_terence
D:4:      layout_loops_ring, trog_book, nicolae_vehumet_altar_sigil,
          gup_sewer_entry_bubbles
D:5:      layout_layer_cave, mainiacjoe_overflow_six_doors_small, tgw_xom,
          uniq_ijyb
D:6:      layout_basic, temple_pool_b, uniq_prince_ribbit1
D:7:      layout_rooms, nrook_uturn
D:8:      layout_rooms, zin_angel, serial_ice, serial_ice_o, serial_ice_f,
          serial_ice_g, serial_ice_c, enter_bailey_1, kennysheep_generic_room_14
D:9:      layout_loops_cross, lemuel_doored_altar,
          lemuel_mausoleum_altar_kikubaaqudgha, orc_0_dummy
D:10:     layout_basic
D:11:     layout_cave_pods, dpeg_lair_monsters, elyvilon_altar_4, uniq_psyche
Temple:   nicolae_temple_slightly_damp_pantheon
Orc:1:    layout_caves, mines3_lemuel
Orc:2:    grunt_orc_tribal_feast, layout_diamond_mine
